 Dungeon Crawl Stone Soup version 0.28.0 (webtiles) character file.

Game seed: 16995361301606448239

19898 Ablot the Fighter (level 12, -6/97 HPs)
             Began as a Gnoll Warper on Feb 18, 2022.
             Was a High Priest of Okawaru.
             Mangled by an enormous slime creature (71 damage)
             ... on level 13 of the Dungeon.
             The game lasted 00:52:54 (13387 turns).

Ablot the Fighter (Gnoll Warper)                   Turns: 13387, Time: 00:52:56

Health: -6/97      AC: 20    Str: 17    XL:     12   Next: 73%
Magic:  23/25      EV: 16    Int: 12    God:    Okawaru [*****.]
Gold:   491        SH:  7    Dex: 20    Spells: 22/29 levels left

rFire   . . .      SeeInvis .   a - +4 demon trident (elec)
rCold   . . .      Faith    +   N - +0 buckler
rNeg    . . .      Spirit   .   b - +4 ring mail of Archu {rPois Regen+}
rPois   +          Reflect  .   g - +2 helmet of Limitation {Regen+}
rElec   .          Harm     .   (no cloak)
rCorr   .          Rampage  .   k - +2 pair of gloves {Dex+3}
Will    .....                   u - +2 pair of boots
Stlth   +++.......              S - amulet of faith
HPRegen 1.86/turn               q - +6 ring of dexterity
MPRegen 0.19/turn               A - ring of flight

@: flying, studying Fighting
A: fangs 1, strong nose, distributed training
a: Renounce Religion, Heroism, Finesse, Duel


You were on level 13 of the Dungeon.
You worshipped Okawaru.
Okawaru was extremely pleased with you.
You visited 1 branch of the dungeon, and saw 13 of its levels.
You also visited: Ossuary and Bailey.

You collected 725 gold pieces.
You spent 234 gold pieces at shops.

Inventory:

Hand Weapons
 a - a +4 demon trident of electrocution (weapon)
Missiles
 d - 4 boomerangs of dispersal
 f - 416 arrows
 j - 286 stones
 l - 44 poisoned darts (quivered)
 p - 82 sling bullets
 z - 87 bolts
 B - 19 javelins
 E - 10 curare-tipped darts
 W - 5 silver boomerangs
Armour
 b - the +4 ring mail of Archu (worn) {rPois Regen+}
   (You found it on level 2 of the Dungeon)

   rPois:     It protects you from poison.
   Regen:     It increases your rate of health regeneration.
 g - the +2 helmet of Limitation (worn) {Regen+}
   (Okawaru gifted it to you on level 12 of the Dungeon)

   Regen:     It increases your rate of health regeneration.
 k - a +2 pair of gloves of dexterity (worn)
 m - an orb of light
 u - a +2 pair of boots (worn)
 N - a +0 buckler (worn)
 T - +0 acid dragon scales
Jewellery
 q - a +6 ring of dexterity (left hand)
 A - a ring of flight (right hand)
 S - an amulet of faith (around neck)
Wands
 y - a wand of polymorph (19)
 P - a wand of digging (5)
 R - a wand of flame (8)
 Y - a wand of iceblast (5)
Scrolls
 c - 2 scrolls of blinking
 e - a scroll of magic mapping
 h - 11 scrolls of teleportation
 x - 3 scrolls of immolation
 C - a scroll of acquirement
 D - a scroll of fog {unknown}
 F - 5 scrolls of fear
 G - a scroll of silence {unknown}
 H - 2 scrolls of enchant weapon {unknown}
 I - a scroll of brand weapon {unknown}
 M - 4 scrolls of amnesia
 Q - a scroll of noise {unknown}
Potions
 i - 4 potions of flight
 n - 4 potions of might
 o - 4 potions of lignification
 r - 3 potions of mutation
 s - 6 potions of heal wounds
 t - 9 potions of curing
 v - a potion of haste {unknown}
 w - a potion of cancellation {unknown}
 J - a potion of invisibility
 K - 3 potions of attraction
 L - a potion of brilliance {unknown}
 O - a potion of ambrosia {unknown}
 U - a potion of resistance {unknown}
Miscellaneous
 X - a condenser vane (inert)


   Skills:
 + Level 10.2 Fighting
 + Level 7.5 Short Blades
 + Level 7.5 Long Blades
 + Level 7.5 Axes
 + Level 7.5 Maces & Flails
 + Level 8.9 Polearms
 + Level 7.5 Staves
 + Level 7.5 Slings
 + Level 7.5 Bows
 + Level 7.5 Crossbows
 + Level 8.0 Throwing
 + Level 8.0 Armour
 + Level 8.9 Dodging
 + Level 7.5 Stealth
 + Level 7.5 Shields
 + Level 7.5 Unarmed Combat
 + Level 9.1 Spellcasting
 + Level 6.3 Conjurations
 + Level 6.3 Hexes
 + Level 6.3 Summonings
 + Level 6.3 Necromancy
 + Level 8.4 Translocations
 + Level 6.3 Transmutations
 + Level 6.3 Fire Magic
 + Level 6.3 Ice Magic
 + Level 6.3 Air Magic
 + Level 6.3 Earth Magic
 + Level 6.3 Poison Magic
 + Level 8.3 Invocations
 + Level 7.5 Evocations


You had 22 spell levels left.
You knew the following spells:

 Your Spells              Type           Power      Damage    Failure   Level
a - Blink                 Tloc           50%        N/A       1%          2
b - Poisonous Vapours     Pois/Air       40%        N/A       3%          2
c - Gell's Gravitas       Tloc           25%        N/A       2%          3

Your spell library contained the following spells:

 Spells                   Type           Power      Damage    Failure   Level
 Pain                     Necr           80%        1d8       1%          1
 Sting                    Tmut/Pois      80%        1d7       1%          1
 Lesser Beckoning         Tloc           25%        N/A       2%          3
 Teleport Other           Tloc           25%        N/A       2%          3
 Ozocubu's Armour         Ice            20%        N/A       6%          3
 Vampiric Draining        Necr           20%        2d7       6%          3
 Iskenderun's Mystic Bla  Conj/Tloc      23%        2d6       13%         4
 Fulminant Prism          Conj/Hex       10%        3d9       21%         4
 Olgreb's Toxic Radiance  Pois           20%        N/A       21%         4
 Manifold Assault         Tloc           25%        N/A       24%         5
 Agony                    Necr           20%        N/A       50%         5
 Excruciating Wounds      Necr           10%        N/A       50%         5
 Fireball                 Conj/Fire      10%        3d6       50%         5
 Lee's Rapid Deconstruct  Erth           10%        3d9*      50%         5
 Dispersal                Tloc           12%        N/A       78%         6
 Starburst                Conj/Fire      10%        6d5       97%         6
 Ozocubu's Refrigeration  Ice            10%        4d7       100%        7
 Ignition                 Fire           10%        3d5       100%        8
 Animate Skeleton         Necr           Unusable   N/A       N/A         1

Dungeon Overview and Level Annotations

Branches:
Dungeon (13/15)            Temple (0/1) D:7            Lair (0/6) D:8
    Orc (0/2) D:9         Ossuary (visited)          Bailey (visited)
 Vaults: D:13-14

Altars:
Ashenzari
Cheibriados
Elyvilon
Nemelex Xobeh
Okawaru
Trog
Uskayaw
Vehumet
Wu Jian
Yredelemnul
Zin
The Shining One

Shops:
D:2 *[*

Annotations:
D:10 exclusions: 3 doors, hydra and 1 more exclusion, Erica, Fannar, Maurice
D:12 exclusion: 2 doors


Innate Abilities, Weirdness & Mutations

You have very sharp teeth.
Your uncanny sense of smell can sniff out nearby items.
Your experience applies equally to all skills.


Message History

The slime creature is severely wounded.
The slime creature hits you but does no damage.
Two slime creatures merge to form a very large slime creature.
Two slime creatures merge to form an enormous slime creature.
You puncture the slime creature!
The slime creature is severely wounded.
The slime creature hits you.
You puncture the slime creature!
Lightning courses through the slime creature!
You kill the slime creature!
Okawaru accepts your kill.
You reach to attack!
You hit the enormous slime creature.
The enormous slime creature is lightly wounded.
You puncture the enormous slime creature!
The enormous slime creature is lightly wounded.
The enormous slime creature hits you!!!
You can't go up here!
The enormous slime creature barely misses you.
Casting: Poisonous Vapours (safe; 3% risk of failure)
Confirm with . or Enter, or press ? or * to list all spells.
You blink.
You hit the enormous slime creature.
The enormous slime creature is lightly wounded.
Unknown command.
You puncture the enormous slime creature!
Lightning courses through the enormous slime creature!
The enormous slime creature is lightly wounded.
The enormous slime creature completely misses you.
Unknown command.
You puncture the enormous slime creature!
The enormous slime creature is moderately wounded.
The enormous slime creature barely misses you.
Unknown command.
You puncture the enormous slime creature!
Lightning courses through the enormous slime creature!
The enormous slime creature is moderately wounded.
You feel stable enough to blink again. The enormous slime creature hits you!!!
Ouch! That really hurt!
You die...

..≈#...#...#≈## #....
..≈#...#...#≈###..###...
##≈#.#≈#...#≈##........
≈#.#≈#≈#.#≈....#
#...#≈#.#≈.....#
≈#...#...#≈###.#
≈#...#...#≈...#
≈#.#≈#...#≈..# ##.
≈#≈.≈#..J@..# ...J
#≈..#≈#≈....# ..J..
##..#.≈#....#...... #
#.......'..# ∆
###+#####..# .$... .....
####+


You could see an enormous slime creature.

Vanquished Creatures
  Harold (D:9)
  A boulder beetle (D:11)
  A catoblepas (D:9)
  A centaur warrior (D:9)
  3 two-headed ogres (D:12)
  Pikel (D:8)
  A deep elf pyromancer (D:13)
  2 ugly things (D:12)
  6 centaur zombies
  A komodo dragon (D:13)
  3 kobold demonologists (D:10)
  A slime creature (D:13)
  18 yaks
  A wraith (D:12)
  3 basilisks
  2 wyverns
  An acid dragon (D:11)
  Duvessa (D:7)
  2 water moccasins (D:7)
  2 ice beasts
  3 sky beasts
  2 necrophages
  12 orc warriors
  A black bear (D:8)
  20 centaurs
  2 ogres
  5 bullfrogs
  A gnoll sergeant (D:10)
  7 kobold brigands
  4 scorpions
  A wyvern zombie (D:7)
  6 water moccasin zombies (Ossuary)
  Dowan (D:7)
  5 wights (D:9)
  A howler monkey (D:9)
  5 hounds
  A bullfrog zombie (D:6)
  A centaur skeleton (D:6)
  A gnoll shaman (D:7)
  A bullfrog skeleton (D:6)
  9 orc priests
  A jelly (D:6)
  Terence (D:2)
  4 iguanas (D:5)
  Natasha (thrice) (D:4)
  13 orc wizards
  A killer bee zombie (D:6)
  2 mummies (Ossuary)
  2 howler monkey zombies
  17 gnolls
  7 adders
  A shadow imp (D:4)
  3 white imps
  7 adder zombies (Ossuary)
  2 worms (D:2)
  A dart slug (D:4)
  73 orcs
  5 ball pythons
  7 bats
  8 endoplasms
  3 giant cockroaches (D:2)
  3 gnoll zombies (Ossuary)
  11 goblins
  5 hobgoblins
  6 jackals (D:1)
  18 kobolds
  5 quokkas
  4 frilled lizards
  3 goblin skeletons (D:4)
  A goblin zombie (D:4)
  5 hobgoblin zombies
  4 kobold zombies
  2 orc skeletons (D:4)
  7 orc zombies
  8 rats
384 creatures vanquished.

Vanquished Creatures (others)
  An orc wizard (D:6)
  3 fungi
4 creatures vanquished.

Grand Total: 388 creatures vanquished

Notes
Turn   | Place    | Note
-------+----------+-------------------------------------------
     0 | D:1      | Ablot the Gnoll Warper began the quest for the Orb.
     0 | D:1      | Reached XP level 1. HP: 20/20 MP: 6/6
   202 | D:1      | Reached XP level 2. HP: 23/26 MP: 7/7
   205 | D:1      | Learned a level 2 spell: Blink
   557 | D:1      | Reached XP level 3. HP: 21/31 MP: 9/9
   564 | D:1      | Reached skill level 5 in Spellcasting
  1073 | D:1      | Reached skill level 1 in Invocations
  1615 | D:2      | Identified the +4 ring mail of Archu {rPois Regen+}
  1654 | D:2      | Noticed a scorpion
  1669 | D:2      | Killed a scorpion
  1670 | D:2      | Reached skill level 1 in Short Blades
  1670 | D:2      | Reached skill level 1 in Long Blades
  1670 | D:2      | Reached skill level 1 in Axes
  1670 | D:2      | Reached skill level 1 in Maces & Flails
  1670 | D:2      | Reached skill level 1 in Staves
  1670 | D:2      | Reached skill level 1 in Slings
  1670 | D:2      | Reached skill level 1 in Bows
  1670 | D:2      | Reached skill level 1 in Crossbows
  1670 | D:2      | Reached skill level 1 in Stealth
  1670 | D:2      | Reached skill level 1 in Shields
  1670 | D:2      | Reached skill level 1 in Unarmed Combat
  1670 | D:2      | Reached skill level 1 in Conjurations
  1670 | D:2      | Reached skill level 1 in Hexes
  1670 | D:2      | Reached skill level 1 in Summonings
  1670 | D:2      | Reached skill level 1 in Necromancy
  1670 | D:2      | Reached skill level 1 in Transmutations
  1670 | D:2      | Reached skill level 1 in Fire Magic
  1670 | D:2      | Reached skill level 1 in Ice Magic
  1670 | D:2      | Reached skill level 1 in Air Magic
  1670 | D:2      | Reached skill level 1 in Earth Magic
  1670 | D:2      | Reached skill level 1 in Poison Magic
  1670 | D:2      | Reached skill level 1 in Evocations
  1670 | D:2      | Reached XP level 4. HP: 28/38 MP: 11/11
  1677 | D:2      | Noticed Terence
  1723 | D:2      | Killed Terence
  1724 | D:2      | Reached XP level 5. HP: 28/43 MP: 12/12
  1872 | D:2      | Found Wilat's Antique Armour Shoppe.
  1883 | D:2      | Found Onyirphor's Assorted Antiques.
  1973 | D:2      | Found a glowing golden altar of the Shining One.
  2020 | D:2      | Found Qaiwkar's Weapon Shoppe.
  2091 | D:2      | Found Jeocurgh's General Store.
  2108 | D:2      | Reached XP level 6. HP: 50/50 MP: 13/13
  2117 | D:2      | Bought a potion of lignification for 39 gold pieces
  2117 | D:2      | Bought 3 poisoned darts for 15 gold pieces
  2328 | D:3      | Found a sparkling altar of Nemelex Xobeh.
  2573 | D:3      | Found a hide-covered altar of Uskayaw.
  2939 | D:3      | Reached skill level 5 in Fighting
  2939 | D:3      | Reached skill level 5 in Polearms
  2939 | D:3      | Reached skill level 5 in Dodging
  3225 | D:4      | Found a glowing golden altar of the Shining One.
  3325 | D:4      | Noticed Natasha
  3343 | D:4      | Killed Natasha
  3401 | D:4      | Found an iron altar of Okawaru.
  3409 | D:4      | Became a worshipper of Warmaster Okawaru
  3497 | D:4      | Reached XP level 7. HP: 42/56 MP: 15/15
  3969 | D:4      | Noticed Natasha
  3975 | D:4      | Killed Natasha
  4219 | D:4      | Noticed Natasha
  4234 | D:4      | Killed Natasha
  4302 | D:5      | Entered Level 5 of the Dungeon
  4565 | D:5      | Noticed a yak
  4742 | D:5      | Reached * piety under Okawaru
  4743 | D:5      | Reached XP level 8. HP: 42/63 MP: 16/16
  4849 | D:5      | Noticed a yak
  4867 | D:5      | Noticed a yak
  5140 | D:5      | Found a glowing silver altar of Zin.
  5140 | D:5      | Found a snail-covered altar of Cheibriados.
  5279 | D:5      | Killed a yak
  5300 | D:5      | Noticed a yak
  5301 | D:5      | Noticed a yak
  5326 | D:5      | Noticed a yak
  5327 | D:5      | Killed a yak
  5327 | D:5      | Reached ** piety under Okawaru
  5351 | D:4      | Killed a yak
  5458 | D:4      | Killed a yak
  5459 | D:4      | Reached skill level 6 in Fighting
  5459 | D:4      | Reached XP level 9. HP: 69/69 MP: 16/18
  5888 | D:6      | Reached *** piety under Okawaru
  5895 | D:6      | Reached skill level 5 in Throwing
  5895 | D:6      | Reached skill level 5 in Armour
  6346 | D:6      | Reached skill level 5 in Invocations
  6433 | D:7      | Noticed Duvessa
  6434 | D:7      | Noticed Dowan
  6455 | D:7      | Killed Duvessa
  6528 | D:7      | Killed Dowan
  6665 | D:7      | Found a sand-covered staircase.
  6673 | Ossuary  | Entered an ossuary
  6818 | Ossuary  | Received a gift from Okawaru
  6872 | Ossuary  | Reached XP level 10. HP: 77/77 MP: 20/20
  7158 | D:7      | Reached skill level 5 in Short Blades
  7158 | D:7      | Reached skill level 5 in Long Blades
  7158 | D:7      | Reached skill level 5 in Axes
  7158 | D:7      | Reached skill level 5 in Maces & Flails
  7158 | D:7      | Reached skill level 5 in Staves
  7158 | D:7      | Reached skill level 5 in Slings
  7158 | D:7      | Reached skill level 5 in Bows
  7158 | D:7      | Reached skill level 5 in Crossbows
  7158 | D:7      | Reached skill level 5 in Stealth
  7158 | D:7      | Reached skill level 5 in Shields
  7158 | D:7      | Reached skill level 5 in Unarmed Combat
  7158 | D:7      | Reached skill level 5 in Evocations
  7165 | D:7      | Found a staircase to the Ecumenical Temple.
  7339 | D:7      | Learned a level 2 spell: Poisonous Vapours
  7366 | D:7      | Reached **** piety under Okawaru
  7453 | D:8      | Reached skill level 7 in Fighting
  7477 | D:8      | Found a staircase to the Lair.
  7619 | D:8      | Found a flagged portal.
  7635 | Bailey   | Entered a bailey
  7999 | Bailey   | Reached ***** piety under Okawaru
  8426 | D:8      | Received a gift from Okawaru
  8427 | D:8      | Reached XP level 11. HP: 85/85 MP: 22/22
  8729 | D:8      | Noticed Pikel
  8736 | D:8      | Killed Pikel
  8737 | D:8      | Reached skill level 8 in Fighting
  8737 | D:8      | Reached skill level 5 in Conjurations
  8737 | D:8      | Reached skill level 5 in Hexes
  8737 | D:8      | Reached skill level 5 in Summonings
  8737 | D:8      | Reached skill level 5 in Necromancy
  8737 | D:8      | Reached skill level 5 in Transmutations
  8737 | D:8      | Reached skill level 5 in Fire Magic
  8737 | D:8      | Reached skill level 5 in Ice Magic
  8737 | D:8      | Reached skill level 5 in Air Magic
  8737 | D:8      | Reached skill level 5 in Earth Magic
  8737 | D:8      | Reached skill level 5 in Poison Magic
  8886 | D:9      | Found a broken altar of Ashenzari.
  9063 | D:2      | Bought a pair of runed gloves for 180 gold pieces
  9265 | D:9      | Noticed Harold
  9286 | D:9      | Killed Harold
  9286 | D:9      | Received a gift from Okawaru
  9329 | D:9      | Noticed a catoblepas
  9339 | D:9      | Killed a catoblepas
  9360 | D:9      | Received a gift from Okawaru
  9418 | D:9      | Noticed a centaur warrior
  9788 | D:9      | Found an ornate altar of the Wu Jian Council.
  9805 | D:9      | Found a staircase to the Orcish Mines.
  9924 | D:9      | Found a bloodstained altar of Trog.
  9924 | D:9      | Found a white marble altar of Elyvilon.
 10003 | D:9      | Found a basalt altar of Yredelemnul.
 10247 | D:10     | Entered Level 10 of the Dungeon
 10258 | D:10     | Received a gift from Okawaru
 10271 | D:10     | Noticed Erica
 10304 | D:9      | Killed a centaur warrior
 10324 | D:10     | Learned a level 3 spell: Gell's Gravitas
 10437 | D:10     | Noticed Fannar
 10447 | D:10     | Noticed a six-headed hydra
 10734 | D:10     | Received a gift from Okawaru
 10760 | D:10     | Reached skill level 9 in Fighting
 10775 | D:10     | Received a gift from Okawaru
 10828 | D:10     | Noticed Maurice
 10941 | D:10     | Found a radiant altar of Vehumet.
 11696 | D:11     | Noticed a boulder beetle
 11833 | D:11     | Reached XP level 12. HP: 95/95 MP: 24/24
 11915 | D:11     | Received a gift from Okawaru
 11995 | D:11     | Identified the +5 ring mail of Dramatic Exits {Int+4}
 12224 | D:11     | Killed a boulder beetle
 12257 | D:11     | Received a gift from Okawaru
 12415 | D:12     | Noticed a two-headed ogre
 12480 | D:12     | Noticed a two-headed ogre
 12503 | D:12     | Killed a two-headed ogre
 12568 | D:12     | Identified the +2 helmet of Limitation {Regen+} (Okawaru
                  | gifted it to you on level 12 of the Dungeon)
 12568 | D:12     | Received a gift from Okawaru
 12717 | D:12     | Noticed a two-headed ogre
 12725 | D:12     | Killed a two-headed ogre
 12726 | D:12     | Reached skill level 10 in Fighting
 13067 | D:12     | Killed a two-headed ogre
 13142 | D:13     | Noticed an eight-headed hydra
 13387 | D:13     | Mangled by an enormous slime creature

Illustrated notes

Levels and vault maps discovered:
D:1:      dpeg_cavernosity, layout_basic, chequers_serial_rivers_micro_c,
          roderic_lattice_a, minmay_ruptured
D:2:      layout_rooms, serial_shops, shop, shop, nicolae_shop_hallway_plus,
          shop, basic_altar, uniq_terence
D:3:      layout_loops_ring, nicolae_overflow_crystal_walls,
          mainiacjoe_overflow_alcove_1
D:4:      layout_loops_corners, okawaru_gym_becter,
          nicolae_tso_besieged_by_evil, serial_glass, glass_columns_b,
          glass_columns_c, glass_columns_b, glass_columns_a, glass_columns_a,
          glass_columns_c, glass_columns_b, glass_columns_c, glass_columns_b,
          glass_columns_b, glass_columns_a, glass_columns_b, glass_columns_a,
          glass_columns_c, chequers_garden, minmay_joined_circles, uniq_natasha
D:5:      layout_cave_pools, gammafunk_temple_overflow_wave
D:6:      layout_rooms, nicolae_fountain_basement
D:7:      layout_gridville, temple_fountains, enter_ossuary_1,
          kennysheep_generic_room_13, uniq_duvessa
D:8:      layout_rooms, grunt_lair_entry_orc_guard_hut, enter_bailey_2,
          hangedman_decor_points, uniq_pikel
D:9:      layout_grid_maze, mainiacjoe_overflow_alcove_2,
          ashenzari_conservatory_becter, lemuel_tele_altar,
          gammafunk_temple_overflow_elements, orc_0_dummy, minivault_20,
          grunt_decor_arrowhead, uniq_harold
D:10:     layout_gridville, mainiacjoe_overflow_six_doors_small,
          bh_walls_and_bars, uniq_erica, uniq_maurice, uniq_fannar
D:11:     layout_rooms
D:12:     layout_big_octagon, billiards_dpeg
D:13:     layout_stronghold, nicolae_water_bricks

Skill      XL: |  1  2  3  4  5  6  7  8  9 10 11 12 |
---------------+-------------------------------------+-----
Spellcasting   | 5 6 7 8 9 |  9.1
Invocations    | 1 2 3 4 5 6 7 8 |  8.3
Short Blades   | 1 2 3 4 5 6 7 |  7.5
Long Blades    | 1 2 3 4 5 6 7 |  7.5
Axes           | 1 2 3 4 5 6 7 |  7.5
Maces & Flails | 1 2 3 4 5 6 7 |  7.5
Staves         | 1 2 3 4 5 6 7 |  7.5
Slings         | 1 2 3 4 5 6 7 |  7.5
Bows           | 1 2 3 4 5 6 7 |  7.5
Crossbows      | 1 2 3 4 5 6 7 |  7.5
Stealth        | 1 2 3 4 5 6 7 |  7.5
Shields        | 1 2 3 4 5 6 7 |  7.5
Unarmed Combat | 1 2 3 4 5 6 7 |  7.5
Conjurations   | 1 2 3 4 5 6 |  6.3
Hexes          | 1 2 3 4 5 6 |  6.3
Summonings     | 1 2 3 4 5 6 |  6.3
Necromancy     | 1 2 3 4 5 6 |  6.3
Transmutations | 1 2 3 4 5 6 |  6.3
Fire Magic     | 1 2 3 4 5 6 |  6.3
Ice Magic      | 1 2 3 4 5 6 |  6.3
Air Magic      | 1 2 3 4 5 6 |  6.3
Earth Magic    | 1 2 3 4 5 6 |  6.3
Poison Magic   | 1 2 3 4 5 6 |  6.3
Evocations     | 1 2 3 4 5 6 7 |  7.5
Throwing       | 3 4 5 6 7 8 |  8.0
Armour         | 3 4 5 6 7 8 |  8.0
Fighting       | 5 6 7 9 10 | 10.2
Polearms       | 5 6 7 8 |  8.9
Dodging        | 5 6 7 8 |  8.9
Translocations | 6 7 8 |  8.4

Action                   |  1- 3 |  4- 6 |  7- 9 | 10-12 || total
-------------------------+-------+-------+-------+-------++-------
Melee: Spear             |   116 |    34 |       |       ||   150
       Bite              |    11 |    30 |    84 |    77 ||   202
       Punch             |     2 |    11 |    21 |    20 ||    54
       Trident           |       |   280 |   604 |    28 ||   912
       Unarmed           |       |       |    49 |       ||    49
       Demon trident     |       |       |       |   675 ||   675
       Whip              |       |       |       |    11 ||    11
Throw: Dart              |     2 |     2 |    29 |    13 ||    46
       Boomerang         |       |       |     1 |       ||     1
       Javelin           |       |       |       |     2 ||     2
 Cast: Blink             |       |       |     1 |     1 ||     2
       Poisonous Vapours |       |       |       |    10 ||    10
Invok: Heroism           |       |       |       |     3 ||     3
       Finesse           |       |       |       |     2 ||     2
Evoke: Condenser vane    |       |       |       |     1 ||     1
  Use: Scroll            |       |       |       |    12 ||    12
 Stab: Distracted        |     1 |       |       |       ||     1
       Sleeping          |     1 |     1 |     9 |    16 ||    27
Armor: Leather armour    |    27 |       |       |       ||    27
       Ring mail         |     6 |   112 |   249 |   225 ||   592
Dodge: Dodged            |    53 |   187 |   407 |   457 ||  1104
Block: Buckler           |       |       |       |    54 ||    54
